Map: Automaton LE

Players

Rail

  • Race: Protoss Protoss
  • League: Grandmaster
  • Spawn Location: 9:00

Elazer - Winner!

  • Race: Zerg Zerg
  • Spawn Location: 3:00

Event: 2019 WCS Winter Europe

VOD

Have the link to the VOD?

Description

Time

  • Played on: March 23, 2019, 10:30 a.m.
  • Length: 15:51

All games in this series

Show
View Real Time Build Order
Export as new Build Order

Rail Protoss 

Build Orders: 1 Gate Expand, Oracle Opening, Archon Immortal 

Get SALT Encoding   

  12  0:00  Probe  
  13  0:12  Probe  
  14  0:19  Pylon  
  14  0:24  Probe  
  15  0:29  Assimilator  
  15  0:36  Probe  
  16  0:44  Probe, Gateway  
  17  0:52  Probe  
  18  1:03  Probe  
  19  1:15  Probe  
  20  1:26  Nexus  
  20  1:35  Cybernetics Core  
  20  1:39  Probe  
  21  1:43  Assimilator  
  21  1:50  Pylon  
  21  1:53  Probe  
  22  2:02  Probe  
  23  2:12  Stargate  
  23  2:13  Probe  
  23  2:14  Stalker  
  26  2:24  Warp Gate  
  26  2:26  Probe  
  27  2:34  Probe  
  27  2:38  Probe  
  27  2:42  Probe  
  29  2:44  Adept  
  29  2:45  Oracle  
  29  2:51  Probe  
  33  2:52  Probe  
  37  3:03  Probe  
  38  3:06  Probe  
  38  3:07  Pylon  
  38  3:12  Oracle  
  39  3:13  Gateway  
  39  3:16  Probe  
  39  3:19  Probe  
  44  3:28  Probe  
  44  3:31  Probe  
  46  3:35  Pylon  
  46  3:40  Assimilator, Probe  
  47  3:43  Probe  
  47  3:46  Oracle  
  48  3:55  Probe  
  49  3:56  Probe  
  49  4:02  Assimilator  
  50  4:04  Forge  
  50  4:06  Pylon  
  50  4:07  Probe  
  50  4:08  Probe  
  52  4:15  Robotics Facility  
  52  4:20  Probe  
  52  4:23  Pylon  
  53  4:28  Probe  
  54  4:31  Nexus  
  54  4:35  Phoenix  
  56  4:41  Probe x2  
  56  4:43  Protoss Ground Weapons Level 1  
  58  4:48  Shield Battery  
  58  4:49  Pylon  
  58  4:53  Probe  
  58  4:54  Probe  
  60  5:04  Immortal  
  60  5:06  Probe x2  
  66  5:13  Twilight Council  
  66  5:18  Probe x2  
  66  5:19  Sentry  
  70  5:30  Probe x2, Gateway x2  
  70  5:33  Pylon  
  72  5:39  Probe  
  72  5:40  Probe x2  
  70  5:46  Observer  
  70  5:48  Probe x2  
  70  5:49  Probe  
  73  5:50  Charge  
  73  5:56  Assimilator, Probe  
  76  5:58  Probe  
  76  6:00  Assimilator  
  76  6:02  Pylon  
  78  6:04  Probe  
  78  6:05  Templar Archives  
  78  6:08  Probe  
  78  6:09  Gateway  
  78  6:10  Probe, Protoss Ground Weapons Level 2, Gateway  
  81  6:14  Observer  
  82  6:21  Pylon  
  82  6:23  Nexus  
  82  6:24  Probe  
  83  6:29  Sentry, Gateway  
  83  6:32  Gateway  
  85  6:35  Probe  
  86  6:42  Immortal  
  90  6:47  Pylon  
  90  6:48  High Templar  
  90  6:49  High Templar  
  90  6:51  Zealot  
  90  6:52  Zealot  
  90  6:53  Archon  
  98  6:57  Pylon  
  98  7:00  Probe  
  99  7:02  Pylon  
  99  7:05  High Templar x2  
  103  7:10  Gateway  
  103  7:11  Gateway  
  103  7:13  Zealot x2, Archon  
  103  7:15  Probe x2  
  109  7:24  Probe  
  109  7:26  Zealot x2, High Templar x2, Warp Prism  
  109  7:27  Probe  
  121  7:30  Archon  
  121  7:34  Gateway  
  121  7:37  Zealot, Gateway  
  121  7:41  Zealot  
  121  7:42  Zealot  
  126  7:44  Zealot  
  127  7:58  Zealot x3  
  127  7:59  Zealot  
  127  8:02  Probe  
  127  8:03  Immortal  
  140  8:06  High Templar x3  
  140  8:07  High Templar  
  140  8:08  Probe  
  140  8:09  Probe  
  140  8:10  Archon  
  140  8:12  Pylon  
  150  8:13  Archon  
  150  8:15  Pylon  
  150  8:24  Stalker, Zealot x4  
  160  8:34  Zealot  
  160  8:37  Pylon  
  160  8:38  Zealot, Assimilator  
  160  8:39  Zealot  
  166  8:43  Assimilator  
  166  8:45  High Templar x2  
  166  8:46  Zealot x2  
  166  8:48  Photon Cannon  
  174  8:51  Shield Battery, Archon  
  174  8:56  Zealot x2  
  174  8:58  Pylon  
  174  9:01  Pylon  
  178  9:05  Zealot x3  
  178  9:07  Protoss Ground Weapons Level 3  
  166  9:13  Zealot x3  
  144  9:17  Zealot x2  
  144  9:18  Zealot  
  144  9:24  Immortal  
  136  9:28  Probe x2  
  138  9:34  High Templar  
  138  9:35  Zealot x3, High Templar x3  
  152  9:39  Archon  
  152  9:43  Stalker x2  
  152  9:44  Stalker  
  158  9:47  Archon  
  158  9:58  High Templar x2  
  158  9:59  Zealot  
  164  10:04  Zealot x3  
  164  10:05  Archon  
  164  10:06  Zealot x3  
  180  10:07  Zealot  
  180  10:21  Zealot x2  
  180  10:22  Zealot x3  
  180  10:25  Phoenix  
  188  10:33  Zealot x4  
  182  10:43  Zealot x2  
  182  10:44  Zealot  
  172  10:54  Zealot x3  
  172  10:55  Immortal  
  166  11:03  Zealot  
  166  11:04  Zealot  
  154  11:13  Pylon  
  154  11:18  Zealot x4  
  152  11:19  Phoenix  
  156  11:30  Zealot x2  
  154  11:34  Immortal  
  154  11:35  Protoss Shields Level 1  
  154  11:37  Zealot  
  154  11:38  Zealot x3  
  160  11:40  Pylon  
  160  11:47  Pylon  
  160  11:49  Pylon  
  160  11:52  Zealot x4  
  168  11:58  Zealot x2  
  172  12:05  Zealot x2  
  176  12:12  Zealot  
  176  12:13  Zealot  
  180  12:17  Phoenix  
  180  12:18  Immortal  
  180  12:19  Zealot x3  
  180  12:20  Zealot x3  
  181  12:26  Zealot x2  
  183  12:36  Zealot x2  
  181  12:44  Zealot x3, Sentry  
  181  12:45  Zealot x2  
  181  12:48  Nexus  
  181  12:58  High Templar x6  
  173  12:59  High Templar  
  173  13:02  Archon x2  
  173  13:03  Archon  
  173  13:05  Immortal  
  164  13:08  Zealot x3  
  106  13:29  Zealot x2, Sentry, Protoss Ground Armor Level 1  
  106  13:31  Blink  
  106  13:34  Zealot x4  
  106  13:35  Zealot x3  
  106  13:36  Phoenix  
  122  13:44  Immortal  
  122  13:45  Robotics Facility  
  122  13:46  Pylon  
  126  13:50  High Templar x2  
  126  13:55  High Templar x2, Archon  
  134  13:56  High Templar x6  
  134  14:00  Archon  
  134  14:01  Archon x3  
  142  14:06  High Templar  
  142  14:07  High Templar  
  146  14:12  Archon  
  146  14:19  Zealot  
  146  14:23  Immortal  
  152  14:24  Zealot  
  152  14:30  Zealot x4  
  162  14:37  Zealot x4  
  174  14:38  Immortal  
  174  14:46  Stalker  
  174  14:48  Zealot x3  
  154  15:00  Zealot x2  
  154  15:02  Immortal  
  154  15:06  Zealot  
  154  15:07  Zealot x5  
  140  15:18  Phoenix  
  140  15:21  High Templar x3  
  140  15:22  High Templar x2  
  150  15:32  Pylon  
  150  15:33  Stalker x2  
  151  15:43  Zealot x3  
Show
View Real Time Build Order
Export as new Build Order

Elazer Zerg - Winner!

Build Orders: Hatch First, Roach Hydra 

Get SALT Encoding   

  12  0:00  Drone  
  13  0:12  Overlord  
  13  0:17  Drone  
  14  0:30  Drone x2  
  16  0:49  Hatchery  
  15  0:51  Drone  
  15  0:55  Drone  
  17  0:58  Drone  
  18  1:09  Extractor  
  17  1:14  Spawning Pool  
  17  1:17  Drone  
  17  1:20  Drone  
  18  1:28  Drone  
  19  1:38  Drone  
  20  1:49  Drone  
  21  1:59  Overlord  
  21  2:01  Queen x2, Zergling x2  
  26  2:11  Zergling x2  
  26  2:12  Drone  
  28  2:23  Drone x2  
  30  2:33  Hatchery, Drone x2  
  31  2:41  Queen  
  33  2:46  Overlord  
  33  2:48  Drone  
  34  2:53  Drone  
  34  2:57  Drone  
  36  3:07  Overlord  
  36  3:09  Drone x2  
  36  3:10  Drone x3  
  36  3:11  Drone  
  42  3:16  Queen  
  44  3:26  Drone x3  
  47  3:28  Lair  
  47  3:35  Spore Crawler  
  47  3:38  Drone x2  
  48  3:43  Roach Warren, Drone  
  48  3:44  Drone  
  48  3:46  Extractor  
  47  3:48  Drone x2  
  47  3:54  Drone  
  49  3:56  Drone  
  49  3:59  Drone  
  49  4:01  Drone  
  52  4:04  Drone  
  52  4:09  Overlord  
  54  4:11  Drone x2  
  54  4:17  Spore Crawler, Drone x2  
  54  4:19  Drone  
  54  4:21  Drone  
  59  4:28  Glial Reconstitution, Overlord  
  59  4:29  Drone x4  
  63  4:33  Drone x2  
  63  4:34  Drone  
  63  4:37  Overseer  
  66  4:39  Extractor  
  66  4:41  Extractor, Drone x2  
  66  4:42  Evolution Chamber  
  66  4:43  Drone  
  66  4:47  Drone x2  
  66  4:50  Drone  
  66  4:51  Drone x3  
  72  4:58  Overlord  
  72  5:02  Drone  
  72  5:03  Spore Crawler  
  72  5:05  Extractor  
  72  5:06  Spore Crawler, Extractor  
  72  5:07  Overlord  
  69  5:08  Drone x2  
  69  5:12  Zerg Missile Weapons Level 1  
  69  5:13  Overlord  
  71  5:14  Extractor  
  71  5:15  Hydralisk Den, Drone x3  
  71  5:17  Drone x2  
  74  5:24  Overlord  
  74  5:29  Drone x3  
  74  5:30  Drone x2  
  79  5:36  Hatchery  
  79  5:39  Drone x5  
  83  5:43  Overlord  
  83  5:45  Muscular Augments  
  83  5:46  Hydralisk  
  85  5:50  Hydralisk  
  85  5:55  Roach x4  
  95  5:59  Hydralisk  
  97  6:06  Hydralisk x4  
  97  6:10  Drone  
  106  6:12  Overlord  
  106  6:13  Pneumatized Carapace  
  106  6:14  Overlord  
  106  6:22  Overlord  
  106  6:23  Overseer  
  106  6:27  Overlord  
  106  6:29  Overlord  
  106  6:30  Hydralisk x4  
  114  6:36  Hydralisk  
  114  6:37  Hydralisk x3  
  122  6:48  Hydralisk x4  
  122  6:52  Extractor  
  129  6:56  Roach x4  
  137  7:01  Overlord  
  137  7:03  Roach x5  
  137  7:04  Overlord  
  147  7:11  Overlord  
  147  7:12  Roach  
  147  7:14  Zerg Missile Weapons Level 2  
  149  7:20  Grooved Spines, Overlord  
  149  7:23  Overlord  
  149  7:25  Roach x4  
  157  7:34  Nydus Network  
  157  7:35  Overlord  
  154  7:52  Roach x11  
  174  8:02  Overlord  
  174  8:03  Roach x8  
  184  8:07  Overseer  
  184  8:10  Overlord x2  
  174  8:21  Roach x10  
  188  8:27  Hydralisk x2  
  188  8:33  Nydus Canal  
  192  8:34  Hydralisk x2  
  192  8:41  Hydralisk x2  
  196  8:47  Nydus Canal  
  200  8:49  Overseer  
  200  8:53  Overlord  
  200  9:01  Nydus Canal  
  200  9:05  Hydralisk x2  
  185  9:11  Hydralisk x3  
  142  9:17  Hydralisk x8  
  142  9:22  Hydralisk x4  
  140  9:27  Roach x3  
  140  9:30  Roach x3  
  152  9:35  Overseer  
  152  9:39  Hydralisk x2  
  152  9:45  Hydralisk x2  
  156  9:49  Overseer  
  160  9:53  Hydralisk x3  
  160  9:58  Hydralisk  
  168  10:05  Roach x6  
  180  10:10  Roach x4  
  190  10:14  Roach x3  
  190  10:19  Nydus Canal  
  194  10:21  Roach x2  
  194  10:22  Roach  
  200  10:31  Nydus Canal  
  198  10:39  Hydralisk x3  
  198  10:42  Nydus Canal  
  176  10:44  Hydralisk x3  
  176  10:45  Hydralisk  
  164  10:51  Hydralisk, Nydus Canal  
  164  10:52  Hydralisk  
  164  10:56  Hydralisk  
  142  10:58  Hydralisk  
  128  11:05  Nydus Canal  
  128  11:07  Hydralisk  
  128  11:08  Hydralisk x2  
  130  11:13  Roach x3  
  130  11:14  Extractor  
  130  11:17  Roach x4  
  143  11:24  Nydus Canal  
  139  11:26  Roach x3, Overseer  
  131  11:35  Roach x9  
  143  11:43  Hydralisk  
  143  11:44  Hydralisk x2  
  145  11:51  Nydus Canal  
  143  11:55  Overseer  
  143  11:57  Hatchery, Roach x2  
  143  11:58  Roach x5  
  156  12:04  Hydralisk x3  
  156  12:06  Overseer  
  162  12:12  Hydralisk x3  
  168  12:20  Hydralisk x3  
  158  12:28  Hydralisk x3  
  156  12:32  Hydralisk x2  
  156  12:36  Hydralisk x2  
  156  12:47  Roach  
  156  12:48  Roach x9  
  168  12:58  Roach x8  
  170  13:02  Roach x2  
  163  13:09  Hydralisk x3  
  142  13:14  Hydralisk  
  142  13:15  Hydralisk  
  118  13:26  Roach x3, Drone x2  
  122  13:30  Overseer  
  122  13:36  Overseer  
  122  13:37  Drone x5  
  127  13:45  Hydralisk  
  127  13:46  Hydralisk  
  131  13:54  Roach x4  
  133  13:55  Nydus Canal  
  133  13:59  Hydralisk  
  133  14:07  Hydralisk x2  
  137  14:10  Nydus Canal  
  137  14:12  Hydralisk x2  
  137  14:14  Hydralisk  
  137  14:16  Hydralisk  
  145  14:23  Hydralisk x3  
  151  14:33  Hydralisk, Nydus Canal  
  151  14:34  Hydralisk x2  
  151  14:36  Hydralisk x2  
  159  14:40  Hydralisk  
  159  14:41  Hydralisk  
  159  14:45  Nydus Canal  
  163  14:48  Hydralisk x3  
  163  14:52  Roach x2  
  167  14:58  Hydralisk  
  167  14:59  Hydralisk x2  
  153  15:06  Hydralisk, Overseer  
  153  15:07  Hydralisk x2  
  135  15:16  Hydralisk  
  135  15:17  Hydralisk x3  
  129  15:26  Overseer  
  129  15:28  Roach x6  
  141  15:30  Nydus Canal  
  145  15:44  Nydus Canal  
Tags
 
Add a new tag
Caveats
  • Supply blocks, unpowered buildings, or Contaminate may cause inaccurate times.
  • Supply counts are checked every 10 seconds.